 Dungeon Crawl Stone Soup version 0.27.1-1-g398f81649c (webtiles) character file.

Game seed: 5739886679540477802

7886 Metae the Blocker (level 11, -9/151 HPs)
             Began as a Minotaur Fighter on Sept 12, 2021.
             Was a Believer of Okawaru.
             Killed by refrigeration
             ... invoked by Fannar
              (28 damage)
             ... on level 9 of the Dungeon.
             The game lasted 00:32:30 (8938 turns).

Metae the Blocker (Minotaur Fighter)                Turns: 8938, Time: 00:32:30

Health: -9/151     AC: 25    Str: 29    XL:     11   Next: 2%
Magic:  8/10       EV:  2    Int:  5    God:    Okawaru [**....]
Gold:   515        SH: 16    Dex: 11    Spells: 10/10 levels left

rFire    . . .     SeeInvis .   B - +2 trident (freeze)
rCold    . . .     Faith    .   c - +1 kite shield
rNeg     + + +     Spirit   .   (armour currently unavailable)
rPois    +         Reflect  .   (helmet currently unavailable)
rElec    .         Harm     .   (cloak currently unavailable)
rCorr    .         Rampage  .   (gloves currently unavailable)
Will     .....     NoTele   +   (boots currently unavailable)
Stlth    +++.......             k - amulet of regeneration
HPRegen  1.35/turn              y - +6 ring of strength
MPRegen  0.12/turn              N - ring of flight

@: tree-form, heroic
A: stationary, stasis, torment immunity, boosted hp, (horns 2), (retaliatory
headbutt)
a: Renounce Religion, Heroism


You were on level 9 of the Dungeon.
You worshipped Okawaru.
Okawaru was pleased with you.
You were a tree.
You visited 2 branches of the dungeon, and saw 11 of its levels.
You also visited: Ossuary.

You collected 515 gold pieces.

Inventory:

Hand Weapons
 a - a +0 trident
 l - a +1 mace of protection
 p - a +0 hunting sling
 B - a +2 trident of freezing (weapon)
Missiles
 e - 356 stones (quivered)
 n - 30 sling bullets
 D - 3 throwing nets
Armour
 c - a +1 kite shield (worn)
 f - a +1 chain mail (melded)
 j - a +1 cloak
 u - a +2 pair of boots (melded)
 C - +0 acid dragon scales
 F - a +0 pair of gloves (melded)
 J - a +0 pair of boots
 L - a +2 cloak of preservation (melded)
Magical Staves
 H - a staff of air
Jewellery
 k - an amulet of regeneration (around neck)
 r - an amulet of guardian spirit
 y - a +6 ring of strength (left branch)
 N - a ring of flight (right branch)
Wands
 d - a wand of flame (47)
 t - a wand of iceblast (7)
Scrolls
 b - 4 scrolls of enchant weapon
 h - 2 scrolls of amnesia
 i - 5 scrolls of identify
 o - 4 scrolls of teleportation
 s - 3 scrolls of noise
 w - a scroll of enchant armour
 x - 5 scrolls of fog
 O - a scroll of blinking {unknown}
 Q - 2 scrolls of vulnerability {unknown}
Potions
 g - 4 potions of curing
 m - 3 potions of degeneration
 q - a potion of attraction {unknown}
 v - a potion of heal wounds
 z - a potion of lignification
 A - a potion of resistance {unknown}
 E - a potion of ambrosia {unknown}
 G - a potion of cancellation
 I - a potion of berserk rage {unknown}
 K - 2 potions of brilliance {unknown}
 M - a potion of mutation {unknown}
Miscellaneous
 P - a phial of floods


   Skills:
 + Level 10.7(15.7) Fighting
 + Level 10.4(15.4) Polearms
 + Level 10.7(15.7) Armour
 + Level 10.8(15.8) Shields


You had 10 spell levels left.
You didn't know any spells.
Your spell library contained the following spells:

 Spells                   Type           Power      Damage    Failure   Level
 Beastly Appendage        Tmut           0%         N/A       47%         1
 Corona                   Hex            0%         N/A       47%         1
 Ensorcelled Hibernation  Hex/Ice        0%         N/A       63%         2
 Sublimation of Blood     Necr           0%         N/A       63%         2
 Wereblood                Tmut           0%         N/A       63%         2
 Dazzling Flash           Conj/Hex       0%         N/A       85%         3
 Spider Form              Tmut/Pois      0%         N/A       85%         3
 Tukima's Dance           Hex            0%         N/A       85%         3
 Iskenderun's Mystic Bla  Conj/Tloc      0%         2d3       99%         4
 Starburst                Conj/Fire      0%         6d3       100%        6
 Summon Hydra             Summ           0%         N/A       100%        7


Dungeon Overview and Level Annotations

Branches:
Dungeon (10/15)            Temple (1/1) D:7         Ossuary (visited)
   Lair: D:8-11         Orc: D:9-12

Altars:
Ashenzari
Cheibriados
Dithmenos
Elyvilon
Fedhas
Gozag
Hepliaklqana
Nemelex Xobeh
Okawaru
Qazlal
Ru
Sif Muna
Trog
Uskayaw
Vehumet
Wu Jian
Xom
Yredelemnul
Zin
The Shining One

Shops:
D:4 :   D:6 (

Annotations:
D:7 exclusion: ice statue
D:9 Fannar


Innate Abilities, Weirdness & Mutations

You are a tree.
Your roots penetrate the ground, keeping you stationary.
You cannot be teleported.
You are immune to unholy pain and torment.
Your maximum health is greatly increased.
Your equipment is partially melded.
((You have a pair of horns on your head.))
((You reflexively headbutt those who attack you in melee.))


Message History

* * * LOW HITPOINT WARNING * * *
It was a potion of cancellation.
You feel magically purged. Fannar hits you but does no damage.
Fannar freezes you!
* * * LOW HITPOINT WARNING * * *
Really quaff the potion of lignification?
You turn into a tree.
Your +2 cloak of preservation melds into your body.
Your +0 pair of gloves melds into your body.
Your +2 pair of boots melds into your body.
Your +1 chain mail melds into your body.
Your roots penetrate the ground.
Fannar hits you but does no damage. Fannar freezes you.
* * * LOW HITPOINT WARNING * * *
It was a potion of heal wounds.
You feel much better. You block Fannar's attack.
Unknown command.
You miss Fannar.
Fannar is heavily wounded.
You block Fannar's attack.
Okay, then.
Aiming: Throw Flame
Press: ? - help, Shift-Dir - straight line, f - Fannar
Aim: Fannar, wielding a staff of cold and wearing a +2 robe of cold resistance (heavily wounded, 48% to hit)
The puff of flame hits Fannar.
Fannar is severely wounded.
Fannar gestures at you while chanting. The bolt of cold hits you!
* * * LOW HITPOINT WARNING * * *
Reach: B) +2 trident (freeze)
Press: ? - help, Dir - move target, f/p - Fannar
Aim: Fannar, wielding a staff of cold and wearing a +2 robe of cold resistance (severely wounded, about 42% to evade your +2 trident of freezing)
Okay, then.
Aiming: Throw Flame
Press: ? - help, Shift-Dir - straight line, f/p - Fannar
Aim: Fannar, wielding a staff of cold and wearing a +2 robe of cold resistance (severely wounded, 48% to hit)
The puff of flame hits Fannar but does no damage.
Fannar is severely wounded.
Fannar gestures wildly while chanting.
Fannar drains the heat from the surrounding environment!
You die...

#..........#
##########.# #.#
#.# #.# #.# #.#
##########.#
#♣e........#######
##########........
#.####### #.# #.#
#.# #.# #.# #.#


You could see Fannar.

Vanquished Creatures
  Josephine (D:10)
  2 two-headed ogres
  Maurice (D:9)
  A troll (D:9)
  Grinder (D:6)
  Prince Ribbit (D:6)
  4 wraiths
  Sigmund (D:4)
  6 yaks (D:8)
  Eustachio (D:4)
  A steam dragon (D:6)
  An acid dragon (D:5)
  Edmund (D:6)
  Duvessa (D:6)
  A water moccasin (D:3)
  An ice beast (D:6)
  2 black bears
  A hornet zombie (D:5)
  3 necrophages
  2 ogres (D:5)
  5 bullfrogs
  Dowan (D:6)
  A gnoll sergeant (D:9)
  A scorpion (D:6)
  2 water moccasin skeletons
  2 howler monkeys (D:6)
  4 wights
  A bullfrog zombie (D:6)
  A human zombie (Ossuary)
  2 hounds
  2 bullfrog skeletons
  2 gnoll shamans
  A centaur skeleton (D:6)
  4 iguanas
  5 orc wizards
  A killer bee zombie (D:9)
  3 hound zombies (Ossuary)
  2 hound skeletons (D:5)
  4 mummies (Ossuary)
  2 howler monkey zombies (D:8)
  23 gnolls
  8 adders
  A shadow imp (D:6)
  A white imp (D:7)
  An ufetubus (D:4)
  2 adder zombies (Ossuary)
  An adder skeleton (D:4)
  2 worms
  9 orcs
  9 bats
  7 endoplasms
  5 giant cockroaches
  A gnoll zombie (Ossuary)
  17 goblins
  11 hobgoblins
  6 jackals
  6 quokkas
  3 training dummies (D:6)
  A ball python (D:3)
  A frilled lizard (D:3)
  A goblin zombie (Ossuary)
  A hobgoblin zombie (Ossuary)
  A jackal zombie (Ossuary)
  5 kobolds
  2 kobold zombies (Ossuary)
  11 rats
215 creatures vanquished.

Notes
Turn   | Place    | Note
-------+----------+-------------------------------------------
     0 | D:1      | Metae the Minotaur Fighter began the quest for the Orb.
     0 | D:1      | Reached XP level 1. HP: 19/19 MP: 0/0
   419 | D:1      | Reached XP level 2. HP: 24/27 MP: 1/1
   709 | D:1      | Reached XP level 3. HP: 33/33 MP: 2/2
  1170 | D:2      | Found a faded altar of an unknown god.
  1376 | D:2      | Reached XP level 4. HP: 40/40 MP: 3/3
  2259 | D:3      | Noticed a necrophage
  2269 | D:3      | Killed a necrophage
  2270 | D:3      | Reached XP level 5. HP: 15/47 MP: 4/4
  2632 | D:3      | Reached skill level 5 in Shields
  3194 | D:3      | Noticed a water moccasin
  3202 | D:3      | Killed a water moccasin
  3203 | D:3      | Reached skill level 5 in Fighting
  3203 | D:3      | Reached skill level 5 in Armour
  3203 | D:3      | Reached XP level 6. HP: 41/56 MP: 5/5
  3453 | D:3      | Found a snail-covered altar of Cheibriados.
  3457 | D:3      | Found a radiant altar of Vehumet.
  3469 | D:3      | Found a bloodstained altar of Trog.
  3890 | D:4      | Found an opulent altar of Gozag.
  3941 | D:4      | Noticed Eustachio
  3984 | D:4      | Killed Eustachio
  4076 | D:4      | Reached skill level 5 in Polearms
  4208 | D:4      | Reached XP level 7. HP: 62/62 MP: 6/6
  4359 | D:4      | Found Merpher's Book Boutique.
  4699 | D:4      | Noticed Sigmund
  4705 | D:4      | Killed Sigmund
  4726 | D:5      | Entered Level 5 of the Dungeon
  4967 | D:5      | Reached XP level 8. HP: 69/71 MP: 7/7
  5245 | D:5      | Found a sparkling altar of Nemelex Xobeh.
  5463 | D:6      | Found Qeopriw's Firing Range.
  5469 | D:6      | Noticed Grinder
  5484 | D:6      | Killed Grinder
  5552 | D:6      | Reached XP level 9. HP: 81/81 MP: 8/8
  5658 | D:6      | Noticed Prince Ribbit
  5665 | D:6      | Killed Prince Ribbit
  6105 | D:6      | Noticed Edmund
  6106 | D:6      | Noticed Duvessa
  6110 | D:6      | Noticed Dowan
  6115 | D:6      | Killed Edmund
  6120 | D:6      | Killed Duvessa
  6124 | D:6      | Killed Dowan
  6781 | D:7      | Found a staircase to the Ecumenical Temple.
  6874 | D:7      | Noticed an ice statue
  6930 | Temple   | Entered the Ecumenical Temple
  7316 | D:8      | Reached XP level 10. HP: 82/91 MP: 9/9
  7401 | D:8      | Found a sand-covered staircase.
  7405 | Ossuary  | Entered an ossuary
  7734 | D:8      | Found a shadowy altar of Dithmenos.
  7773 | D:8      | Noticed a two-headed ogre
  7782 | D:8      | Killed a two-headed ogre
  7783 | D:8      | Reached skill level 10 in Shields
  7837 | D:8      | Reached skill level 10 in Fighting
  7837 | D:8      | Reached skill level 10 in Armour
  8255 | D:9      | Found an iron altar of Okawaru.
  8264 | D:9      | Became a worshipper of Warmaster Okawaru
  8271 | D:9      | Noticed a two-headed ogre
  8281 | D:9      | Killed a two-headed ogre
  8506 | D:9      | Reached * piety under Okawaru
  8507 | D:9      | Reached skill level 10 in Polearms
  8553 | D:9      | Noticed Maurice
  8560 | D:9      | Killed Maurice
  8818 | D:10     | Entered Level 10 of the Dungeon
  8818 | D:10     | Noticed Josephine
  8827 | D:10     | Killed Josephine
  8828 | D:10     | Reached ** piety under Okawaru
  8834 | D:10     | Noticed Fannar
  8847 | D:10     | Reached XP level 11. HP: 70/101 MP: 10/10
  8933 | D:9      | HP: 4/101 [Fannar (10)]
  8938 | D:9      | Killed from afar by Fannar

Illustrated notes

Levels and vault maps discovered:
D:1:      dpeg_arrival_boxes_within_box, layout_loops_ring, nrook_uturn
D:2:      cheibrodos_greedy_goblins, layout_loops_ring,
          hellmonk_ecumenical_altar_lost_god
D:3:      minmay_razor_zed, layout_basic, grunt_temple_overflow_diamond
D:4:      layout_basic, mainiacjoe_overflow_surrounded_room, serial_shops, shop,
          uniq_eustachio, uniq_sigmund
D:5:      layout_cave_pools, nemelex_spade_bored_becter
D:6:      layout_basic, nicolae_shop_firing_range, uniq_duvessa,
          uniq_prince_ribbit1, uniq_grinder, uniq_edmund
D:7:      lemuel_ice_statue, layout_gridville, minmay_temple_entry_stoned_glass,
          minmay_misc_feat_pillars
D:8:      layout_loops_ring, nicolae_dithmenos_the_darkroom,
          lightli_ossuary_entry_decrepit_ruins
D:9:      layout_small_grid, overflow_temple_1_default, uniq_maurice
D:10:     layout_basic, amethyst_overflow_temple_binary, uniq_josephine,
          uniq_fannar, uniq_urug
Temple:   cyrus_circular_temple

Skill      XL: |  1  2  3  4  5  6  7  8  9 10 |
---------------+-------------------------------+-----
Fighting       | 4 5 6 7 9 10 | 10.7
Shields        | 4 5 6 8 9 10 | 10.8
Armour         | 4 5 6 7 9 10 | 10.7
Polearms       | 3 4 5 6 7 9 10 | 10.4

Action                   |  1- 3 |  4- 6 |  7- 9 | 10-12 || total
-------------------------+-------+-------+-------+-------++-------
Melee: Trident           |   108 |   141 |   260 |   161 ||   670
       Headbutt          |    10 |    21 |    65 |    37 ||   133
Throw: Stone             |       |       |       |     5 ||     5
Invok: Heroism           |       |       |       |     1 ||     1
Evoke: Wand              |       |       |     3 |     6 ||     9
  Use: Scroll            |       |     4 |    10 |       ||    14
       Potion            |       |       |     1 |     3 ||     4
Armor: Scale mail        |    50 |    48 |       |       ||    98
       Chain mail        |       |       |    83 |    98 ||   181
       Skin              |       |       |       |     1 ||     1
Dodge: Dodged            |    42 |    39 |    51 |    56 ||   188
Block: Kite shield       |    55 |    73 |   116 |   140 ||   384
